 Seeded DCSS version 0.30.0-17-ge0270778cf (webtiles) character file.

Game seed: 9635399671560706667 (custom seed)

42 Twinkles the Shooter (level 3, -2/31 HPs)
             Began as a Minotaur Hunter on May 22, 2023.
             Slain by a hobgoblin (4 damage)
             ... led by Robin
             ... on level 2 of the Dungeon.
             The game lasted 00:01:29 (721 turns).

Twinkles the Shooter (Minotaur Hunter)               Turns: 721, Time: 00:01:30

Health: -2/31      AC:  3    Str: 15    XL:     3   Next: 33%
Magic:  2/2        EV: 12    Int:  6    God:
Gold:   50         SH:  0    Dex: 15    Spells: 2/2 levels left

rFire   . . .        a - +0 shortbow
rCold   . . .        (shield currently unavailable)
rNeg    . . .        c - +0 leather armour
rPois   .            (helmet restricted)
rElec   .            (no cloak)
rCorr   .            (no gloves)
SInv    .            (no boots)
Will    .....        (no amulet)
Stlth   +            (no ring)
HPRegen 0.25/turn    (no ring)
MPRegen 0.08/turn

%: no passive effects
@: no status effects
A: horns 2, retaliatory headbutt
a: no special abilities


You were on level 2 of the Dungeon.
You visited 1 branch of the dungeon, and saw 2 of its levels.

You collected 50 gold pieces.

Inventory:

Hand Weapons
 a - a +0 shortbow (weapon)
Armour
 c - a +0 leather armour (worn)
Scrolls
 b - a scroll of enchant weapon {unknown}
 d - a scroll of poison {unknown}
 g - 3 scrolls of identify {unknown}
 h - a scroll of teleportation {unknown}
 i - a scroll of fear {unknown}
 K - 2 scrolls of immolation
Potions
 e - 2 potions of might {unknown}
 f - a potion of lignification {unknown}


   Skills:
 + Level 3.1 Fighting
 * Level 5.1 Ranged Weapons
 + Level 2.7 Dodging
 - Level 0.7 Stealth


You had 2 spell levels left.
You didn't know any spells.
Your spell library contained the following spells:

 Spells                   Type           Power      Damage    Failure   Level
 Freeze                   Ice            0%         1d3       52%         1
 Sandblast                Erth           0%         2d4       52%         1
 Passwall                 Tmut/Erth      0%         N/A       67%         2
 Frozen Ramparts          Ice            0%         1d1       88%         3
 Hailstorm                Conj/Ice       0%         3d3       88%         3
 Stone Arrow              Conj/Erth      0%         3d7       88%         3
 Summon Guardian Golem    Hex/Summ       0%         N/A       88%         3
 Blade Hands              Tmut           0%         N/A       100%        5
 Summon Mana Viper        Hex/Summ       0%         N/A       100%        5
 Storm Form               Tmut/Air       0%         N/A       100%        7


Dungeon Overview and Level Annotations

Branches:
Dungeon (2/15) Zot: 11264

Altars:


Innate Abilities, Weirdness & Mutations

You have a pair of horns on your head.
You reflexively headbutt those who attack you in melee.


Message History

Robin misses you.
The goblin unwields a +0 club.
The goblin wields a +0 sling.
The goblin shoots a sling bullet.
The sling bullet hits you. The goblin misses you.
The hobgoblin closely misses you. The goblin hits you with a +0 dagger.
Fire: a) +0 shortbow
Press: ? - help, Q - select action Shift-Dir - straight line, f/p - Robin
Aim: Robin, wielding a +0 spear, wearing a +0 animal skin and wearing a +0 helmet (almost dead, 69% to hit)
You shoot an arrow. The arrow hits Robin!
You kill Robin!
The goblin hits you but does no damage. The goblin barely misses you.
The hobgoblin hits you.
* * * LOW HITPOINT WARNING * * *
The goblin shoots a sling bullet.
The sling bullet barely misses you. The goblin barely misses you.
The hobgoblin hits you but does no damage.
The goblin hits you with a +0 dagger.
* * * LOW HITPOINT WARNING * * *
The goblin shoots a sling bullet.
The sling bullet barely misses you.
Fire: a) +0 shortbow
Press: ? - help, Q - select action Shift-Dir - straight line, f - goblin
Aim: a goblin, wielding a +0 dagger (55% to hit)
Okay, then.
Unknown command.
The hobgoblin attacks as you move away!
The hobgoblin hits you but does no damage.
The goblin hits you but does no damage.
The goblin shoots a sling bullet.
The sling bullet hits you.
* * * LOW HITPOINT WARNING * * *
You hear a shout!
The goblin closely misses you. The goblin hits you with a +0 dagger.
* * * LOW HITPOINT WARNING * * *
The goblin shoots a sling bullet.
The sling bullet closely misses you.
The sling bullet hits the goblin.
The goblin dies!
The goblin attacks as you move away! The goblin hits you with a +0 dagger.
* * * LOW HITPOINT WARNING * * *
The hobgoblin no longer looks unusually strong.
The goblin attacks as you move away! The goblin closely misses you.
The hobgoblin attacks as you move away! The hobgoblin hits you.
You die...

.# #.######.# #.# #.#
#.# #.# #####.#### #.#
#.# #........# #.#
##.###.###.##.# #.#
##...##.# #.##.# #.#
#.....#.# #.##.###.#
####...##.###.....)).#
...........#####@#####
#####.###.## ##.gg###
#.# ### ##..g...# #+#
##......)##
#.......).#
##.......## ##.g....#
# #...)..# + .........


You could see 2 hobgoblins and 2 goblins.

Vanquished Creatures
  Robin (D:2)
  An adder (D:2)
  2 bats (D:1)
  2 endoplasms (D:2)
  A giant cockroach (D:1)
  6 goblins
  2 hobgoblins (D:2)
  2 kobolds
  A frilled lizard (D:1)
  3 rats
21 creatures vanquished.

Vanquished Creatures (others)
  A goblin (D:2)
1 creature vanquished.

Grand Total: 22 creatures vanquished

Notes
Turn   | Place    | Note
-------+----------+-------------------------------------------
     0 | D:1      | Twinkles the Minotaur Hunter began the quest for the Orb.
     0 | D:1      | Reached XP level 1. HP: 18/18 MP: 0/0
    45 | D:1      | Got the Meditations on Fluctuating Bad Luck
   279 | D:1      | Reached XP level 2. HP: 25/25 MP: 1/1
   702 | D:2      | Noticed Robin
   703 | D:2      | Reached skill level 5 in Ranged Weapons
   710 | D:2      | Reached XP level 3. HP: 22/31 MP: 2/2
   714 | D:2      | HP: 10/31 [goblin/+0 dagger[Robin] (1)]
   715 | D:2      | Killed Robin
   717 | D:2      | HP: 2/31 [goblin/+0 dagger[Robin] (3)]
   721 | D:2      | Slain by a hobgoblin

Illustrated notes

Levels and vault maps discovered:
D:1:      roderic_octagonal_star, layout_loops_cross
D:2:      layout_loops_corners, uniq_jessica, uniq_natasha, uniq_robin

Skill      XL: |  1  2 |
---------------+-------+-----
Fighting       | 3 |  3.1
Ranged Weapons | 5 |  5.1
Dodging        | |  2.7
Stealth        | |  0.7

Action                     || total
---------------------------++-------
   Fire: Shortbow          ||    50
 Armour: Leather armour    ||    15
  Dodge: Dodged            ||    25
